 Dungeon Crawl Stone Soup version 0.29.1-1-gd02db6906a (webtiles) character file.

Game seed: 10597280943379831756

398 Aibolit the Shield-Bearer (level 6, -3/62 HPs)
             Began as a Troll Fighter on Oct 8, 2022.
             Was an Initiate of Ru.
             Killed from afar by an electric eel (8 damage)
             ... with a bolt of electricity
             ... on level 6 of the Dungeon.
             The game lasted 00:06:30 (2209 turns).

Aibolit the Shield-Bearer (Troll Fighter)           Turns: 2209, Time: 00:06:31

Health: -3/62      AC:  4    Str: 27    XL:     6   Next: 53%
Magic:  5/5        EV:  9    Int:  4    God:    Ru [......]
Gold:   149        SH:  7    Dex:  9    Spells: 5/5 levels left

rFire   . . .      SeeInvis .     - Unarmed
rCold   . . .      Faith    .   b - +0 kite shield
rNeg    . . .      Spirit   .   a - +0 robe
rPois   .          Reflect  .   (helmet restricted)
rElec   .          Harm     .   (no cloak)
rCorr   .          Rampage  .   (gloves unavailable)
Will    .....                   (boots unavailable)
Stlth   +.........              (no amulet)
HPRegen 1.00/turn               (no ring)
MPRegen 0.09/turn               (no ring)

@: no status effects
A: large, unfitting armour, claws 3, regeneration 1, shaggy fur 1, tough skin 1
a: Renounce Religion, Sacrifice Drink, Sacrifice Words, Sacrifice Nimbleness,
Reject Sacrifices


You were on level 6 of the Dungeon.
You worshipped Ru.
Ru was noncommittal.
You visited 1 branch of the dungeon, and saw 4 of its levels.

You collected 209 gold pieces.
You spent 60 gold pieces at shops.

Inventory:

Armour
 a - a +0 robe (worn)
 b - a +0 kite shield (worn)
Wands
 t - a wand of polymorph (8)
Scrolls
 d - a scroll of brand weapon
 f - 2 scrolls of summoning {unknown}
 h - a scroll of enchant weapon
 j - 2 scrolls of fear
 n - a scroll of magic mapping
 p - 4 scrolls of blinking {unknown}
 q - 3 scrolls of identify
 r - a scroll of teleportation {unknown}
Potions
 c - 2 potions of might
 e - a potion of mutation {unknown}
 g - 2 potions of heal wounds {unknown}
 i - a potion of magic {unknown}
 k - 2 potions of brilliance {unknown}
 l - 3 potions of curing {unknown}
 m - 3 potions of degeneration {unknown}
 o - a potion of attraction {unknown}
 s - a potion of flight {unknown}


   Skills:
 + Level 3.7 Fighting
 + Level 3.7 Dodging
 + Level 4.1 Shields
 + Level 3.8 Unarmed Combat


You had 5 spell levels left.
You didn't know any spells.
Your spell library contained the following spells:

 Spells                   Type           Power      Damage    Failure   Level
 Magic Dart               Conj           0%         1d3       78%         1
 Searing Ray              Conj           0%         2d4       89%         2
 Fulminant Prism          Conj/Hex       0%         3d6       100%        4


Dungeon Overview and Level Annotations

Branches:
Dungeon (3/15)

Altars:
Cheibriados
Elyvilon
Gozag
Nemelex Xobeh
Qazlal
Ru
Xom

Shops:
D:1 ?!*


Innate Abilities, Weirdness & Mutations

You are too large for most types of armour.
You have claws for hands.
Your natural rate of healing is unusually fast.
You are covered in fur. (AC +1)
You have tough skin. (AC +1)


Message History

You closely miss the ice beast.
The ice beast is lightly wounded.
The ice beast barely misses you.
You claw the ice beast!
The ice beast is heavily wounded.
The ice beast hits you. The ice beast freezes you.
You closely miss the ice beast.
The ice beast is heavily wounded.
The ice beast hits you. The ice beast freezes you!
The ice beast hits you but does no damage.
You scratch the ice beast.
The ice beast is heavily wounded.
The ice beast hits you. The ice beast freezes you!
* * * LOW HITPOINT WARNING * * *
You closely miss the ice beast.
The ice beast is heavily wounded.
The ice beast hits you.
* * * LOW HITPOINT WARNING * * *
The ice beast freezes you!
* * * LOW HITPOINT WARNING * * *
There is a stone staircase leading down here.
The ice beast attacks as you move away!
The ice beast hits you but does no damage.
The ice beast attacks as you move away! You block the ice beast's attack.
The ice beast attacks as you move away! You block the ice beast's attack.
The ice beast attacks as you move away! You block the ice beast's attack.
The ice beast attacks as you move away! The ice beast barely misses you.
The ice beast attacks as you move away!
The ice beast hits you but does no damage.
The electric eel shoots out a bolt of lightning at you!
The bolt of electricity misses you. The ice beast attacks as you move away!
The ice beast hits you. The ice beast freezes you!
* * * LOW HITPOINT WARNING * * *
The electric eel shoots out a bolt of lightning at you!
The bolt of electricity hits you!
* * * LOW HITPOINT WARNING * * *
The electric eel shoots out a bolt of lightning at you!
The bolt of electricity hits you!
You die...

#.#####[..h.....#
........#######.#
....###.# #.# # ##
#.# #h# ### ~~~ #.#
#.#######..
~S~~###h#
#...h>.....
.......Y#
#.##.####..
........#######.##.#
#..
.~~.....@.......##.#
##..
~..~....#.##.##.##.#
#..#
...~....#.##......[#
#.##
⌠~~.......##.##.####
#.#.
~⌠..............#
#..†
...~~...####.####
###. .~~..~... ...#
## ....~.. ##### #


You could see a black bear, an ice beast and an electric eel.

Vanquished Creatures
  Eustachio (D:6)
  3 hounds (D:6)
  3 iguanas
  2 adders
  A white imp (D:6)
  5 dart slugs
  3 orcs (D:6)
  4 bats
  6 endoplasms
  A giant cockroach (D:3)
  4 goblins
  7 hobgoblins
  3 kobolds (D:1)
  A quokka (D:3)
  6 ball pythons
  2 frilled lizards (D:1)
  8 rats
60 creatures vanquished.

Notes
Turn   | Place    | Note
-------+----------+-------------------------------------------
     0 | D:1      | Aibolit the Troll Fighter began the quest for the Orb.
     0 | D:1      | Reached XP level 1. HP: 22/22 MP: 0/0
    79 | D:1      | Reached XP level 2. HP: 29/29 MP: 1/1
   240 | D:1      | Found Ryz Eru's Distillery.
   377 | D:1      | Reached skill level 3 in Shields
   599 | D:1      | Reached XP level 3. HP: 36/36 MP: 2/2
   609 | D:1      | Found Gamez's Magic Scroll Shoppe.
   619 | D:1      | Bought a scroll of identify for 20 gold pieces
   619 | D:1      | Bought a scroll of identify for 20 gold pieces
   619 | D:1      | Bought a scroll of identify for 20 gold pieces
  1012 | D:2      | Found a sacrificial altar of Ru.
  1136 | D:2      | Became a worshipper of Ru the Awakened
  1169 | D:3      | Reached XP level 4. HP: 44/44 MP: 3/3
  1551 | D:3      | You fall into a shaft and drop 3 floors!
  1560 | D:6      | Found a white marble altar of Elyvilon.
  1703 | D:6      | Noticed Eustachio
  1711 | D:6      | Killed Eustachio
  1712 | D:6      | Reached XP level 5. HP: 41/53 MP: 4/4
  1712 | D:6      | Reached XP level 6. HP: 47/61 MP: 5/5
  1871 | D:6      | Reached skill level 4 in Shields
  1976 | D:6      | Found an opulent altar of Gozag.
  1986 | D:6      | Found a shimmering altar of Xom.
  1989 | D:6      | Found a sparkling altar of Nemelex Xobeh.
  1992 | D:6      | Found a snail-covered altar of Cheibriados.
  2033 | D:6      | Found a stormy altar of Qazlal.
  2074 | D:6      | Noticed an ice beast
  2209 | D:6      | Killed from afar by an electric eel

Illustrated notes

Levels and vault maps discovered:
D:1:      onia_arrival_handbag, layout_loops_ring, serial_shops,
          nicolae_lakefront_shop, shop, shop, kennysheep_boxes
D:2:      layout_rooms, basic_altar
D:3:      layout_loops_ring, mainiacjoe_overflow_alcove_4
D:6:      cheibrodos_helix_gallery, layout_loops_corners, marbit_many_paths,
          grunt_temple_overflow_cloverleaf, mainiacjoe_overflow_paths,
          minmay_temple_entry_statues, uniq_eustachio

Skill      XL: |  1  2  3  4  5  6 |
---------------+-------------------+-----
Shields        | 3 4 |  4.1
Fighting       | 3 |  3.7
Dodging        | 3 |  3.7
Unarmed Combat | 3 |  3.8

Action                   |  1- 3 |  4- 6 || total
-------------------------+-------+-------++-------
Melee: Unarmed           |   104 |    88 ||   192
  Use: Scroll            |     4 |       ||     4
Armor: Robe              |    26 |    33 ||    59
Dodge: Dodged            |    39 |    47 ||    86
Block: Kite shield       |    44 |    55 ||    99
